 Dungeon Crawl Stone Soup version 0.32-a0-576-g706899e69d (webtiles) character file.

Game seed: 4143176722029655027

365 Dittersdorf the Shield-Bearer (level 6, -1/40 HPs)
             Began as a Gargoyle Fighter on Mar 1, 2024.
             Killed by nerve-wracking pain
             ... invoked by Menkaure
              (5 damage)
             ... on level 4 of the Dungeon.
             The game lasted 00:03:38 (2828 turns).

Dittersdorf the Shield-Bearer (Gargoyle Fighter)    Turns: 2828, Time: 00:03:39

Health: -1/40      AC: 16    Str: 22    XL:     6   Next: 68%
Magic:  6/6        EV:  8    Int:  8    God:
Gold:   106        SH:  4    Dex:  9    Spells: 5/5 levels left

rFire   . . .        a - +0 flail
rCold   . . .        c - +0 buckler
rNeg    + . .        h - +0 chain mail
rPois   ∞            (no helmet)
rElec   +            (no cloak)
rCorr   .            j - +0 pair of gloves
SInv    +            i - +0 pair of boots
Will    .....        p - amulet of magic regeneration Stlth
                     l - ring of see invisible
HPRegen 0.26/turn    (no ring)
MPRegen 0.50/turn

%: no passive effects
@: no status effects
A: sickness immunity, AC +4, negative energy resistance 1, electricity
resistance, torment resistance 1, petrification resistance
a: no special abilities


You were on level 4 of the Dungeon.
You visited 1 branch of the dungeon, and saw 6 of its levels.

You collected 106 gold pieces.

Inventory:

Hand Weapons
 a - a +0 flail (weapon)
Armour
 c - a +0 buckler (worn)
 h - a +0 chain mail (worn)
 i - a +0 pair of boots (worn)
 j - a +0 pair of gloves (worn)
Jewellery
 l - a ring of see invisible (left hand)
 p - an amulet of magic regeneration (around neck)
Scrolls
 e - a scroll of silence {unknown}
 f - 2 scrolls of teleportation {unknown}
 g - 3 scrolls of amnesia {unknown}
 k - a scroll of enchant armour {unknown}
 n - a scroll of enchant weapon {unknown}
 q - 2 scrolls of fog {unknown}
Potions
 b - a potion of berserk rage
 d - 3 potions of might
 m - a potion of mutation
 o - a potion of magic {unknown}
 r - a potion of heal wounds {unknown}


   Skills:
 + Level 4.9 Fighting
 + Level 3.7 Maces & Flails
 + Level 4.8 Armour
 + Level 4.9 Shields


You had 5 spell levels left.
You didn't know any spells.
Your spell library contained the following spells:

 Spells                   Type           Power      Damage    Failure   Level
 Sandblast                Erth           0%         2d4       97%         1
 Passwall                 Erth           0%         N/A       100%        3
 Stone Arrow              Conj/Erth      0%         3d7       100%        3
 Brom's Barrelling Bould  Conj/Erth      0%         2d3       100%        4
 Haunt                    Necr/Summ      0%         N/A       100%        7
 Borgnjor's Revivificati  Necr           0%         N/A       100%        8
 Death's Door             Necr           0%         N/A       100%        9


Dungeon Overview and Level Annotations

Branches:
Dungeon (6/15)
 Temple: D:4-7

Altars:
Fedhas
Xom

Shops:
D:4 *

Annotations:
D:4 Menkaure


Innate Abilities, Weirdness & Mutations

You are immune to sickness and miasma.
Your stone body is resilient. (AC +4)
You are immune to poison.
You resist negative energy. (rN+)
You are resistant to electric shocks. (rElec)
You are resistant to unholy torment.
You are immune to petrification.


Message History

Menkaure is heavily damaged.
Menkaure calls on the powers of darkness!
Your body is wracked with pain!
Menkaure hits you!
You are too injured to fight recklessly!
You are too injured to fight recklessly!
You are too injured to fight recklessly!
You are too injured to fight recklessly!
You are too injured to fight recklessly!
You are too injured to fight recklessly!
You are too injured to fight recklessly!
You are too injured to fight recklessly!
You are too injured to fight recklessly!
You are too injured to fight recklessly!
You are too injured to fight recklessly!
You are too injured to fight recklessly!
You are too injured to fight recklessly!
You are too injured to fight recklessly!
You are too injured to fight recklessly!
You are too injured to fight recklessly!
You are too injured to fight recklessly!
You are too injured to fight recklessly!
You are too injured to fight recklessly!
You are too injured to fight recklessly!
You are too injured to fight recklessly!
You hit Menkaure.
Menkaure is heavily damaged.
Menkaure casts a spell at you. Pain shoots through your body!
* * * LOW HITPOINT WARNING * * *
You barely miss Menkaure.
Menkaure is heavily damaged.
Menkaure hits you.
* * * LOW HITPOINT WARNING * * *
Menkaure hits you!
* * * LOW HITPOINT WARNING * * *
You hit Menkaure.
Menkaure is severely damaged.
Menkaure casts a spell at you. Pain shoots through your body!
You die...

############ ***
#...$......# *,*
#..........# *,*
#..........# *,**
#....M.>...####
*,,*
#.....@.......#*
*,,***
#.......†..##.,*
**..,,
#######..###**,**
*.#*.
##.####*,,***.##.
#....##*,,,,...,
####..###***..#*
##...####..#
###....#..#
####....##


You could see Menkaure (fast).

Vanquished Creatures
  A scorpion (D:4)
  A bombardier beetle (D:4)
  2 orc priests (D:3)
  A hound (D:6)
  An iguana (D:4)
  A sleepcap (D:6)
  4 gnolls
  4 adders
  4 dart slugs
  2 ribbon worms (D:2)
  3 orcs (D:3)
  7 ball pythons
  5 endoplasms
  5 giant cockroaches
  10 goblins
  4 hobgoblins
  6 jackals
  3 quokkas
  4 bats
  A kobold (D:4)
  5 rats
74 creatures vanquished.

Notes
Turn   | Place    | Note
-------+----------+-------------------------------------------
     0 | D:1      | Dittersdorf the Gargoyle Fighter began the quest for the
                  | Orb.
     0 | D:1      | Reached XP level 1. HP: 14/14 MP: 1/1
    19 | D:1      | Reached XP level 2. HP: 14/19 MP: 2/2
   299 | D:1      | Reached XP level 3. HP: 19/23 MP: 3/3
  1114 | D:2      | Reached XP level 4. HP: 27/29 MP: 4/4
  1281 | D:2      | Found a faded altar of an unknown god.
  1403 | D:2      | Reached XP level 5. HP: 27/33 MP: 5/5
  1705 | D:3      | Found a blossoming altar of Fedhas.
  2038 | D:3      | Found a shimmering altar of Xom.
  2290 | D:4      | You fall into a shaft and drop 2 floors!
  2316 | D:6      | Reached XP level 6. HP: 17/39 MP: 6/6
  2470 | D:5      | Entered Level 5 of the Dungeon
  2642 | D:4      | Found Ytzes's Gadget Gallery.
  2814 | D:4      | Noticed Menkaure
  2828 | D:4      | Killed from afar by Menkaure

Illustrated notes

Levels and vault maps discovered:
D:1:      minmay_arrival_open_corners, layout_loops_ring
D:2:      layout_loops_ring, shapermc_ecumenical_altar_venn
D:3:      layout_basic, overflow_temple_1_default,
          mainiacjoe_overflow_small_starburst, nicolae_titane
D:4:      layout_rooms, nicolae_shop_gadgets, uniq_menkaure
D:5:      layout_layer_cave, trog_hazing_becter, serial_shops, kennysheep_mini,
          lightli_corner_chamber
D:6:      layout_basic, fiery_altar_vehumet

Skill      XL: |  1  2  3  4  5 |
---------------+----------------+-----
Fighting       | 4 |  4.9
Shields        | 4 |  4.9
Armour         | 4 |  4.8
Maces & Flails | 3 |  3.7

Action                     |  1- 3 |  4- 6 || total
---------------------------+-------+-------++-------
  Melee: Flail             |   132 |   154 ||   286
    Use: Scroll            |       |     6 ||     6
 Armour: Scale mail        |    77 |       ||    77
         Chain mail        |    52 |   115 ||   167
         Skin              |     2 |       ||     2
  Dodge: Dodged            |    72 |    54 ||   126
  Block: Buckler           |    33 |    29 ||    62

Table legend: (Time is in decaauts)
 A = Elapsed time spent in this place.
 B = Non-inter-level travel time spent in this place.
 C = Inter-level travel time spent in this place.
 D = Time resting spent in this place.
 E = Time spent auto-exploring this place.
 F = Levels seen in this place.
 G = Mean time per level.
                   A        B        C        D        E       F      G
               +--------+--------+--------+--------+--------+-----+--------+
         Total |   2911 |   2800 |    111 |    214 |   1872 |   6 |  485.2 |
       Dungeon |   2911 |   2800 |    111 |    214 |   1872 |   6 |  485.2 |
               +--------+--------+--------+--------+--------+-----+--------+

Top non-repeatable levels by time:
     D:2: 808 daAuts
     D:1: 751 daAuts
     D:3: 741 daAuts
     D:4: 411 daAuts
     D:6: 184 daAuts
     D:5: 15 daAuts
